 Dungeon Crawl Stone Soup version 0.17-a0-1636-g3119f2b (console) character file.

365 Monkaria the Destroyer (level 6, -3/32 HPs)
             Began as a Deep Elf Conjurer on Aug 6, 2015.
             Killed from afar by Monkaria's ghost (15 damage)
             ... with an orb of energy
             ... on level 4 of the Dungeon.
             The game lasted 00:04:58 (3196 turns).

Monkaria the Destroyer (Deep Elf Conjurer)          Turns: 3196, Time: 00:04:58

Health: -3/32      AC:  2    Str:  5    XL:     6   Next: 40%
Magic:  7/14       EV: 13    Int: 22    God:
Gold:   184        SH:  0    Dex: 15    Spells: 4 memorised, 1 level left

rFire  . . .     SeeInvis .     (no weapon)
rCold  . . .     Clarity  .     a - +0 robe
rNeg   . . .     SustAt   .     (no shield)
rPois  .         Gourm    .     (no helmet)
rElec  .         Spirit   .     (no cloak)
rCorr  .         Warding  .     (no gloves)
rMut   .         Stasis   .     (no boots)
MR     .....                    (no amulet)
Stlth  ++........               (no ring)
                                (no ring)

@: not resistant to hostile enchantments, unstealthy
A: no striking features
a: no special abilities


You were on level 4 of the Dungeon.
You were not hungry.

You visited 1 branch of the dungeon, and saw 4 of its levels.

You collected 184 gold pieces.

Inventory:

Armour
 a - a +0 robe (worn)
Scrolls
 d - 6 scrolls of identify {unknown}
 e - 2 scrolls of teleportation {unknown}
 f - a scroll of fog {unknown}
 h - a scroll of remove curse {unknown}
 j - a scroll of fear {unknown}
 n - a scroll of enchant armour {unknown}
 o - a scroll of immolation {unknown}
 p - a scroll of recharging {unknown}
Potions
 g - 2 potions of cancellation {unknown}
 k - a potion of haste {unknown}
 m - 2 potions of magic {unknown}
Books
 b - a book of Conjurations

   Spells                             Type                      Level
   a - Magic Dart                     Conjuration                  1
   b - Searing Ray                    Conjuration                  2
   c - Dazzling Spray                 Conjuration/Hexes            3
   d - Fulminant Prism                Conjuration/Hexes            4
   e - Iskenderun's Mystic Blast      Conjuration                  4
   f - Iskenderun's Battlesphere      Conjuration/Charms           5
Comestibles
 c - 2 bread rations
 i - a beef jerky
 l - 14 fruits


   Skills:
 - Level 2.4 Dodging
 - Level 2.4 Stealth
 + Level 4.2 Spellcasting
 - Level 8.1 Conjurations


You had one spell level left.
You knew the following spells:

 Your Spells              Type           Power        Failure   Level  Hunger
a - Magic Dart            Conj           ####         1%          1    None
b - Searing Ray           Conj           #####.       1%          2    #......
c - Iskenderun's Mystic   Conj           #####...     4%          4    ####...
d - Iskenderun's Battles  Conj/Chrm      ###.....     63%         5    ######.


Dungeon Overview and Level Annotations

Branches:
Dungeon (4/15)
 Temple: D:4-7

Altars:
Okawaru

Annotations:
D:4 Monkaria's ghost, average DECj


Message History

You see here a jackal corpse.
You butcher the jackal corpse.
You see here 2 chunks of flesh.
Eat one of 2 chunks of flesh? (ye/n/q/i?) This raw flesh tastes terrible.
Monkaria's ghost completely misses you.
You continue eating.
Monkaria's ghost barely misses you.
You continue eating.
Monkaria's ghost barely misses you.
Casting: Magic Dart
Confirm with . or Enter, or press ? or * to list all spells.
Okay, then.
Unknown command.
Monkaria's ghost points at you and mumbles some strange words.
The orb of energy hits you!
The orb of energy explodes!
Monkaria's ghost points at you and mumbles some strange words.
The orb of energy misses you.
Monkaria's ghost gestures at you while chanting.
The orb of energy hits you!
You die...

#.......## #.%#
#..# #..# #..## ..
#..####...####..
##.W#...........#
#..............#
#.....#..........#
###.#####......[#
#. ##@....## ..
##...## ...
##....# ###
##.....#
###......#
#........#
#.......###
#.........#
##........#


You could see Monkaria's ghost.

Vanquished Creatures
  Grinder (D:3)
  An orc wizard (D:3)
  3 adders
  3 worms
  5 giant geckos
  10 orcs
  7 bats
  17 goblins
  7 hobgoblins
  13 jackals
  6 kobolds
  A quokka (D:3)
  3 giant cockroaches
  5 giant newts
  7 rats
89 creatures vanquished.

Notes
Turn   | Place    | Note
--------------------------------------------------------------
     0 | D:1      | Monkaria the Deep Elf Conjurer began the quest for the Orb.
     0 | D:1      | Reached XP level 1. HP: 10/10 MP: 6/6
     4 | D:1      | Noticed a formicid
     4 | D:1      | Noticed a troll
     6 | D:1      | Noticed a demigod
     6 | D:1      | Noticed a tengu
     8 | D:1      | Noticed a draconian
     8 | D:1      | Noticed a felid
    10 | D:1      | Noticed a minotaur
    10 | D:1      | Noticed a vampire
    12 | D:1      | Noticed a vine stalker
    14 | D:1      | Noticed a dwarf
    14 | D:1      | Noticed an elf
    16 | D:1      | Noticed a naga
    18 | D:1      | Noticed an ogre
    18 | D:1      | Noticed a centaur
    20 | D:1      | Noticed a merfolk
    20 | D:1      | Noticed a human
    22 | D:1      | Noticed a ghoul
    22 | D:1      | Noticed an octopode
    24 | D:1      | Noticed a spriggan
    24 | D:1      | Noticed a gargoyle
    26 | D:1      | Noticed a demonspawn
   436 | D:1      | Reached XP level 2. HP: 13/15 MP: 5/8
   440 | D:1      | Reached skill level 5 in Conjurations
   892 | D:1      | Reached XP level 3. HP: 15/19 MP: 1/9
  1243 | D:2      | Learned a level 2 spell: Searing Ray
  1388 | D:2      | Reached skill level 6 in Conjurations
  1545 | D:2      | Reached XP level 4. HP: 24/24 MP: 0/10
  1564 | D:2      | Found an iron altar of Okawaru.
  2212 | D:3      | Noticed Grinder
  2231 | D:3      | Killed Grinder
  2231 | D:3      | Reached skill level 8 in Conjurations
  2231 | D:3      | Reached XP level 5. HP: 21/28 MP: 1/11
  2231 | D:3      | Reached XP level 6. HP: 24/32 MP: 1/12
  2732 | D:3      | Learned a level 4 spell: Iskenderun's Mystic Blast
  2738 | D:3      | Learned a level 5 spell: Iskenderun's Battlesphere
  3181 | D:4      | Noticed Monkaria's ghost (average DECj)
  3196 | D:4      | Killed from afar by Monkaria's ghost

Vault maps used:
D:1:      kb_arrival_jail
D:2:      okawaru_altar_gauntlet_db
D:3:      uniq_grinder
D:4:      kiku_gazebo_pond_becter, minmay_misc_feat_tower,
          nicolae_ru_the_path_less_chosen

Action                   |  1- 3 |  4- 6 || total
-------------------------+-------+-------++-------
 Cast: Magic Dart        |   101 |    70 ||   171
       Searing Ray       |       |     7 ||     7
  Eat: Chunk             |     2 |     5 ||     7
